 Dungeon Crawl Stone Soup version 0.24-a0-813-g0f74319 (webtiles) character file.

Game seed: 11733810751060334971, levelgen mode: deterministic

203 Anuses the Poker (level 5, -1/41 HPs)
             Began as a Merfolk Gladiator on Oct 12, 2019.
             Slain by a worm (3 damage)
             ... on level 2 of the Dungeon.
             The game lasted 00:10:00 (1634 turns).

Anuses the Poker (Merfolk Gladiator)                Turns: 1634, Time: 00:10:01

Health: -1/41      AC:  4    Str: 15    XL:     5   Next: 81%
Magic:  5/5        EV: 15    Int: 15    God:
Gold:   51         SH:  0    Dex: 16    Spells: 4/4 levels left

rFire    . . .     SeeInvis .   a - +0 trident
rCold    . . .     Gourm    .   (no shield)
rNeg     . . .     Faith    .   b - +0 leather armour
rPois    .         Spirit   .   c - +0 helmet
rElec    .         Reflect  .   (no cloak)
rCorr    .         Harm     .   (no gloves)
MR       .....                  (no boots)
Stlth    ++........             (no amulet)
HPRegen  0.13/turn              g - +3 ring of intelligence
MPRegen  0.09/turn              (no ring)

@: brilliant, lethally poisoned (-1 -> -5), flying
A: change form in water, swift swim, stealthy swim
a: no special abilities


You were on level 2 of the Dungeon.
You were not hungry.

You visited 1 branch of the dungeon, and saw 2 of its levels.

You collected 51 gold pieces.

Inventory:

Hand Weapons
 a - a +0 trident (weapon)
Armour
 b - a +0 leather armour (worn)
 c - a +0 helmet (worn)
Jewellery
 g - a +3 ring of intelligence (left hand)
Scrolls
 d - a scroll of magic mapping
 e - a scroll of fog {unknown}
 i - 3 scrolls of identify
 n - a scroll of teleportation
Potions
 m - a potion of brilliance
Comestibles
 f - 6 rations
 o - 2 chunks of flesh


   Skills:
 + Level 3.1 Fighting
 + Level 6.9 Polearms
 + Level 2.1 Throwing
 + Level 1.2 Armour
 + Level 5.0 Dodging
 + Level 1.0 Stealth


You had 4 spell levels left.
You didn't know any spells.
Your spell library was empty.

Dungeon Overview and Level Annotations

Branches:
Dungeon (2/15)

Altars:
Xom


Message History

The worm closely misses you.
You hit the worm.
The worm is lightly wounded.
* * * LOW HITPOINT WARNING * * *
You feel sick.
Unknown command.
You barely miss the worm.
The worm is lightly wounded.
The worm misses you.
You barely miss the worm.
The worm is lightly wounded.
* * * LOW HITPOINT WARNING * * *
You feel sick.
You hit the worm.
The worm is moderately wounded.
The worm misses you.
You hit the worm but do no damage.
The worm is lightly wounded.
The worm bites you.
You die...

#.# #.#.# #..# #..#
####.# #.#.#
#..########..#
...#.# #.#.#
#............#
##.#.# #.#.#
#.#########,**
#^#.# #.#.# #.# *,*
#.#.# #.#.# #.# *,*
##.#.#####.#.###.#
*,*
..........))...#.#
*,*
##.#.#####.#.#.#@#
*,* ...#.#
#.#.#.#w# *,*
####)# #.#.#.).#
*,* #.# #.#.##..#
*,* #.# #.#.##..#
*,* #.# #.#.###.##
*,* #.#
#.#.#*#..#*******,*
#.#
#.#..,....,,,,,,,,*
#.#
#.#***#..##********


You could see a worm.

Vanquished Creatures
  A scorpion (D:2)
  2 orc priests (D:2)
  2 adders (D:2)
  An ooze (D:1)
  A worm (D:2)
  A dart slug (D:2)
  A leopard gecko (D:1)
  3 orcs (D:2)
  5 bats
  3 giant cockroaches
  5 hobgoblins (D:1)
  8 jackals
  7 kobolds
  A quokka (D:2)
  A ball python (D:1)
  3 frilled lizards
  9 goblins
  8 rats
62 creatures vanquished.

Notes
Turn   | Place    | Note
-------+----------+-------------------------------------------
     0 | D:1      | Anuses the Merfolk Gladiator began the quest for the Orb.
     0 | D:1      | Reached XP level 1. HP: 16/16 MP: 1/1
    69 | D:1      | Reached XP level 2. HP: 22/22 MP: 2/2
   155 | D:1      | Reached skill level 5 in Polearms
   309 | D:1      | Reached XP level 3. HP: 25/27 MP: 3/3
   555 | D:1      | Found a shimmering altar of Xom.
   557 | D:1      | Found a shimmering blue altar of Sif Muna.
   557 | D:1      | Found a shimmering altar of Xom.
   567 | D:1      | Found an ornate altar of the Wu Jian Council.
   567 | D:1      | Found a sparkling altar of Nemelex Xobeh.
   567 | D:1      | Found an iron altar of Okawaru.
   818 | D:2      | Reached XP level 4. HP: 5/34 MP: 4/4
   823 | D:2      | Reached skill level 6 in Polearms
  1085 | D:2      | Reached skill level 5 in Dodging
  1085 | D:2      | Reached XP level 5. HP: 9/40 MP: 5/5
  1333 | D:2      | Reached skill level 1 in Armour
  1613 | D:2      | HP: 2/40 [scorpion (3)]
  1618 | D:2      | Reached skill level 1 in Stealth
  1630 | D:2      | HP: 2/41 [poisoned by a scorpion]
  1634 | D:2      | Slain by a worm

Levels and vault maps discovered:
D:1:      lemuel_arrival_funnel, layout_loops_ring, doesnt_xom_only_xom
D:2:      layout_basic, first_ration

Skill      XL: |  1  2  3  4  5 |
---------------+----------------+-----
Polearms       | 5 6 |  6.9
Dodging        | 5 |  5.0
Armour         | 1 |  1.2
Fighting       | 3 |  3.1
Stealth        | 1 |  1.0
Throwing       | |  2.1

Action                   |  1- 3 |  4- 6 || total
-------------------------+-------+-------++-------
Melee: Trident           |   104 |   109 ||   213
Throw: Throwing net      |     1 |     2 ||     3
  Use: Potion            |       |     4 ||     4
       Scroll            |       |     5 ||     5
 Stab: Sleeping          |     1 |     4 ||     5
  Eat: Chunk             |       |     3 ||     3
Armor: Leather armour    |    20 |    16 ||    36
Dodge: Dodged            |    69 |    53 ||   122

Table legend:
 A = Non-vault XP
 B = Vault XP
 C = Vault XP percentage of total XP
 D = Non-vault monster count
 E = Vault monster count
 F = Vault count percentage of total count
                 A         B        C        D         E       F
            +---------+---------+-------+---------+---------+-------
      Total |     291 |       0 |   0.0 |      62 |       0 |   0.0
            +---------+---------+-------+---------+---------+-------
        D:1 |      58 |       0 |   0.0 |      31 |       0 |   0.0
        D:2 |     233 |       0 |   0.0 |      31 |       0 |   0.0
            +---------+---------+-------+---------+---------+-------
